Cogmind - Beta 14 @@@ ROGUE MODE // 2025.03.08 @ 15:15:35 Player: Lava Result: Destroyed by G-47 Trooper with Particle Gun Performance ------------- Evolutions (2) 1000 Regions Visited (5) 1000 Robots Destroyed (64) 320 Value Destroyed (2349) 2349 Prototype IDs (8) 160 Alien Tech Used (0) 0 Bonus (46) 46 TOTAL SCORE: 4875 Bonus ------- High Alert Combat Kills 46 Cogmind --------- Core Integrity 0/550 Matter 300/300 Energy 82/100 System Corruption 0% Temperature Cool (18) Movement Core (50) Location -8/Storage Parts ------- > --- POWER (1) -------- (None) > --- PROPULSION (4) --- (None) > --- UTILITY (4) ------ Target Analyzer > --- WEAPON (2) ------- Precision Beam Rifle > --- INVENTORY (5) ---- Improved Ion Engine Deuterium Engine Precision Beam Rifle Mini Grenade Launcher Peak State ------------ > --- POWER ------------ Cooled Ion Engine > --- PROPULSION ------- Armored Treads Armored Treads Armored Treads Advanced Treads > --- UTILITY ---------- Large Storage Unit Target Analyzer Hardened Medium Armor Plating Hardlight Generator > --- WEAPON ----------- Shock Rifle Particle Gun > --- INVENTORY -------- Deuterium Engine Deuterium Engine Light Treads Advanced Treads Airjet Aerolev Unit Improved Flight Unit Improved Flight Unit Improved Flight Unit Improved Flight Unit Improved Heat Sink Field Recycling Unit Mini Grenade Launcher [Rating: 33] Favorites ----------- Power Cooled Ion Engine Engine Cooled Ion Engine Propulsion Aluminum Leg Treads Armored Treads Leg Aluminum Leg Hover Unit Aerolev Unit Flight Unit Improved Flight Unit Utility Large Storage Unit Device Hardlight Generator Storage Large Storage Unit Processor Signal Interpreter Hackware Hacking Suite Protection Hardened Medium Armor Plating Weapon Medium Laser Energy Gun Medium Laser Ballistic Gun Assault Rifle Launcher Grenade Launcher Build | -11 -10 -10 -9 -8 -8 ------- Run | Yrd Mat Min Mat Mat Sto Slots Evolved 4 | . . . 2 2 . Power . | . . . . . . Propulsion 2 | . . . 2 . . Utility 2 | . . . . 2 . Weapon . | . . . . . . Parts Attached 73 | 6 13 2 12 25 15 Power 12 | 1 2 1 2 3 3 Engine 12 | 1 2 1 2 3 3 Core . | . . . . . . Reactor . | . . . . . . Propulsion 28 | 2 4 1 7 10 4 Treads 10 | 2 . . . 8 . Leg 12 | . 4 1 7 . . Wheel . | . . . . . . Hover 1 | . . . . 1 . Flight 5 | . . . . 1 4 Utility 10 | 1 2 . 1 4 2 Device 4 | . . . 1 2 1 Storage 2 | 1 1 . . . . Processor 2 | . 1 . . 1 . Hackware 1 | . . . . . 1 Protection 1 | . . . . 1 . Artifact . | . . . . . . Weapon 23 | 2 5 . 2 8 6 Energy Gun 19 | 1 4 . 1 7 6 Energy Cannon . | . . . . . . Ballistic Gun 3 | 1 . . 1 1 . Ballistic Cannon . | . . . . . . Launcher 1 | . 1 . . . . Special Weapon . | . . . . . . Impact Weapon . | . . . . . . Slashing Weapon . | . . . . . . Piercing Weapon . | . . . . . . Special Melee Weapon . | . . . . . . Unidentified Prototypes 5 | . . . . 3 2 Parts Lost 38 | . 7 2 7 11 11 Power 6 | . 2 1 . 1 2 Propulsion 13 | . 3 . 5 1 4 Utility 6 | . . . 1 2 3 Weapon 13 | . 2 1 1 7 2 Highest Loss Streak 4 | . 4 1 4 4 4 To Critical Strikes 1 | . . . 1 . . Average Slot Usage (%) 88 | . 87 97 92 85 78 Engine 10 | . 12 12 10 9 8 Treads 14 | . 16 . . 33 15 Leg 15 | . 11 28 39 1 . Flight 2 | . . . . . 15 Device 3 | . . . 5 5 6 Storage 10 | . 14 14 11 9 3 Processor 7 | . 4 14 4 6 9 Protection 1 | . . . . 2 3 Energy Gun 17 | . 17 26 18 11 15 Ballistic Gun 3 | . 9 . 2 5 . Peak Build Rating 33 | 6 9 9 12 33 33 Average Rating 15 | 4 6 8 10 24 26 On Entrance 11 | . 6 9 8 12 33 Naked Turns . | . . . . . . Heaviest Build 47 | 13 28 29 31 47 47 Greatest Support 82 | 40 40 20 40 82 82 Greatest Overweight (x) 2 | . 2 1 2 1 . Average Overweight (x) . | . . 1 . . . Largest Inventory Capacity 15 | 8 15 15 15 15 15 Average Capacity 13 | 7 14 15 15 15 9 Most Carried 15 | 5 14 15 15 15 15 Average Carried 11 | 3 9 14 14 10 8 Final Capacity 15 | 8 15 15 15 15 5 Final Carried 15 | 4 14 15 14 13 4 Class Distribution -------------------- 71% | Mutant 26% | Scavenger-Mutant Dominant Class ---------------- Mutant | -10/Materials Mutant | -10/Mines Scavenger-Mutant | -9/Materials Mutant | -8/Materials Mutant | -8/Storage Resources | -11 -10 -10 -9 -8 -8 ----------- Run | Yrd Mat Min Mat Mat Sto Matter Collected 1143 | 222 313 30 155 254 169 Remotely . | . . . . . . Salvage Created 2700 | . 529 162 525 595 889 Parts 133 | . 36 6 24 29 38 Haulers Intercepted . | . . . . . . Recyclers Shooed 1 | . . . . 1 . Parts Field Recycled . | . . . . . . Retrieved Matter . | . . . . . . Parts Self-Destructed . | . . . . . . Prevented . | . . . . . . Kills | -11 -10 -10 -9 -8 -8 ------- Run | Yrd Mat Min Mat Mat Sto Combat Hostiles Destroyed 57 | . 16 4 11 11 15 Guns 50 | . 14 3 10 10 13 AOE 2 | . 2 . . . . Classes Destroyed 9 | . 5 . 2 2 . Worker 1 | . 1 . . . . Operator 2 | . 1 . . . 1 Watcher 4 | . 1 . . 1 2 Swarmer 6 | . 6 . . . . Grunt 31 | . 10 4 6 5 6 Brawler 2 | . . . 2 . . Duelist 2 | . . . . 2 . Sentry 12 | . . . 3 2 7 Hunter 4 | . . . . 2 2 Best Kill Streak 6 | . 6 2 4 2 2 Combat Bots Only 5 | . 5 2 4 2 2 Max Kills in Single Turn 2 | . 2 1 1 1 1 Gunslinging 1 | . 1 . . . . Exploded 2 | . 2 . . . . Melee . | . . . . . . Uniques/NPCs Destroyed . | . . . . . . Combat | -11 -10 -10 -9 -8 -8 -------- Run | Yrd Mat Min Mat Mat Sto Hostile Shots Fired 573 | . 144 24 69 174 162 Missed 181 | . 47 5 17 48 64 Damage Taken 5513 | . 1120 267 739 1907 1480 Core 848 | . 148 41 107 228 324 Absorbed by Shields 68 | . . . . 28 40 Regen/Repaired (Parts) 62 | . . . . . 62 Core Remaining (%) 65 | 100 . 24 73 . . Volleys Fired 298 | . 76 16 57 73 76 Largest 2 | . 2 2 2 2 2 Hottest 122 | . 80 100 100 115 122 Shots Fired 490 | . 120 29 103 124 114 Gun 488 | . 118 29 103 124 114 Cannon . | . . . . . . Launcher 2 | . 2 . . . . Special . | . . . . . . Kinetic 103 | . 60 . 11 32 . Thermal 333 | . 58 29 92 82 72 Explosive 2 | . 2 . . . . Electromagnetic 52 | . . . . 10 42 Robot Hit Streak 24 | . 7 10 11 24 15 Robot Miss Streak 5 | . 5 1 3 2 4 Penetration Max . | . . . . . . Secondary Targets 6 | . 2 . 1 . 3 Max Gunslinging Chain 1 | . 1 . 1 . 1 Shots Hit Robots 351 | . 70 25 73 96 87 Core Hits 131 | . 33 10 22 31 35 Critical Kills 1 | . . . . 1 . Critical Parts Destroyed 1 | . 1 . . . . Critical Strikes 14 | . 1 3 2 1 7 Burn 11 | . . 3 2 . 6 Destroy 2 | . 1 . . 1 . Corrupt 1 | . . . . . 1 Melee Attacks . | . . . . . . Impact . | . . . . . . Slashing . | . . . . . . Piercing . | . . . . . . Sneak Attacks . | . . . . . . Combat Hostiles . | . . . . . . Follow-up Attacks . | . . . . . . Damage Inflicted 5170 | . 1006 312 936 1282 1634 Guns 4776 | . 839 306 927 1170 1534 Cannons . | . . . . . . Explosions 362 | . 157 . . 105 100 Melee . | . . . . . . Ramming 32 | . 10 6 9 7 . Kinetic 874 | . 455 . 128 291 . Thermal 3365 | . 384 306 799 834 1042 Explosive 157 | . 157 . . . . Electromagnetic 742 | . . . . 150 592 Impact . | . . . . . . Slashing . | . . . . . . Piercing . | . . . . . . Highest Corruption 8 | . . . 8 . . Average Corruption 4 | . . . 4 . . Corruption Purged . | . . . . . . Corruption Blocked . | . . . . . . Effects 11 | . . . 11 . . Message Errors 3 | . . . 3 . . Matter Fused 2 | . . . 2 . . Heat Flow Errors 1 | . . . 1 . . Energy Discharges 1 | . . . 1 . . Parts Rejected 1 | . . . 1 . . Data Loss (major) 2 | . . . 2 . . Weapon Failures 1 | . . . 1 . . Overload Shots . | . . . . . . Overflow Damage 15 | . . . . 15 . Projectiles . | . . . . . . Explosions 15 | . . . . 15 . Melee . | . . . . . . Knockbacks . | . . . . . . Impact . | . . . . . . Kinetic . | . . . . . . Secondary . | . . . . . . Self-Inflicted Damage 68 | . 16 . . 52 . Shots 2 | . 1 . . 1 . Rammed 3 | . 1 . . 2 . Targets Rammed 6 | . 1 1 2 2 . Kicked 3 | . . 1 2 . . Crushed . | . . . . . . Highest Temperature 486 | . 106 250 339 345 486 Average Temperature 101 | . 32 114 136 67 111 Received Heat Transfer 2121 | . 519 168 237 534 663 Effects 10 | . . . 2 . 8 Shutdowns 1 | . . . . . 1 Energy Bleed 2 | . . . 1 . 1 Interference 6 | . . . . . 6 Short Circuit 1 | . . . 1 . . Siege Activations . | . . . . . . Robots Corrupted 1 | . . . . . 1 Combat Hostiles 1 | . . . . . 1 Parts Fried 3 | . . . . . 3 Impact Corruptions . | . . . . . . Robots Melted 4 | . . 1 1 1 1 Combat Hostiles 4 | . . 1 1 1 1 Parts Melted 23 | . 2 . 8 6 7 Heat Transferred 8950 | . 875 1147 2516 1759 2653 Parts Sabotaged . | . . . . . . Parts Stolen . | . . . . . . Parts Stripped . | . . . . . . Power Chain Reactions 2 | . . . . 1 1 Alert | -11 -10 -10 -9 -8 -8 ------- Run | Yrd Mat Min Mat Mat Sto Peak Influence 639 | . 261 101 136 237 639 Initial 101 | . . 101 . 14 73 Average 109 | . 129 66 46 90 275 Maximum Alert Level 2 | . 1 . . 1 2 Low Security (%) 84 | 100 86 100 100 88 34 Level 1 12 | . 13 . . 11 46 Level 2 2 | . . . . . 19 Level 3 . | . . . . . . Level 4 . | . . . . . . Level 5 . | . . . . . . High Security . | . . . . . . Max Security . | . . . . . . Squads Dispatched 11 | . 3 . 3 1 4 Investigation 4 | . 1 . 1 . 2 Extermination . | . . . . . . Reinforcement 7 | . 2 . 2 1 2 Assault . | . . . . . . Garrison . | . . . . . . Intercept . | . . . . . . Searches Triggered . | . . . . . . Construction Impeded 1 | . . . 1 . . Haulers Reinforced . | . . . . . . Active Scanning Responses . | . . . . . . Cargo Convoy Interrupts . | . . . . . . Stealth | -11 -10 -10 -9 -8 -8 --------- Run | Yrd Mat Min Mat Mat Sto Distress Signals 8 | . 3 . 1 3 1 Communications Jammed . | . . . . . . Distress Signals . | . . . . . . Times Spotted 114 | . 23 4 22 24 41 Peak Tracking Total 10 | . 5 2 6 6 10 Tactical Retreats 13 | . 1 . 3 4 5 Traps | -11 -10 -10 -9 -8 -8 ------- Run | Yrd Mat Min Mat Mat Sto Traps Triggered 1 | . . . 1 . . Indirectly . | . . . . . . Trap Hack Attempts . | . . . . . . Triggered . | . . . . . . Disarmed . | . . . . . . Reprogrammed . | . . . . . . Reused . | . . . . . . Traps Extracted . | . . . . . . Installed . | . . . . . . Triggered . | . . . . . . Machines | -11 -10 -10 -9 -8 -8 ---------- Run | Yrd Mat Min Mat Mat Sto Machines Disabled . | . . . . . . Max in Single Turn . | . . . . . . Garrison Access 1 | . . . . . 1 Machines Repaired . | . . . . . . Machines Dismantled . | . . . . . . Machines Sabotaged . | . . . . . . Overloaded Fab Kills . | . . . . . . Hacking | -11 -10 -10 -9 -8 -8 --------- Run | Yrd Mat Min Mat Mat Sto Machines Accessed 17 | . 3 . 1 4 9 Terminals 15 | . 3 . 1 4 7 Fabricators . | . . . . . . Repair Stations 1 | . . . . . 1 Recycling Units . | . . . . . . Scanalyzers . | . . . . . . Garrison Access 1 | . . . . . 1 Total Hacks 38 | . 5 . 2 10 21 Successful 19 | . 2 . 1 3 13 Failed 19 | . 3 . 1 7 8 Catastrophic 4 | . 2 . . 1 1 Database Lockouts . | . . . . . . Manual 8 | . 1 . . 4 3 Terminals 33 | . 5 . 2 10 16 Fabricators . | . . . . . . Repair Stations 3 | . . . . . 3 Recycling Units . | . . . . . . Scanalyzers . | . . . . . . Garrison Access 2 | . . . . . 2 Terminal Hacks 16 | . 2 . 1 3 10 Prototype ID Bank 2 | . . . . . 2 Open Door 3 | . . . . . 3 Terminal Index 1 | . . . . 1 . Alert Level 1 | . . . . 1 . Unreport Threat 1 | . . . 1 . . Dispatch Records 1 | . . . . . 1 Maintenance Status 1 | . . . . . 1 Security Status 1 | . 1 . . . . Investigation Status 1 | . . . . 1 . Reinforcement Status 1 | . . . . . 1 Recall Reinforcements 1 | . . . . . 1 Registered Prototypes 1 | . 1 . . . . Zone Layout 1 | . . . . . 1 Fabricator Hacks . | . . . . . . Repair Station Hacks 2 | . . . . . 2 Scan Component 1 | . . . . . 1 Repair 1 | . . . . . 1 Recycling Unit Hacks . | . . . . . . Scanalyzer . | . . . . . . Garrison Access Hacks 1 | . . . . . 1 Seal Access 1 | . . . . . 1 Unauthorized Hacks . | . . . . . . Terminals . | . . . . . . Fabricators . | . . . . . . Repair Stations . | . . . . . . Recycling Units . | . . . . . . Scanalyzers . | . . . . . . Garrison Access . | . . . . . . Data Cores Recovered 1 | . . . . . 1 Used . | . . . . . . Hacking Detections 12 | . 2 . . 4 6 Full Trace Events 4 | . 1 . . . 3 Feedback Events . | . . . . . . Feedback Blocked . | . . . . . . Robot Schematics Acquired . | . . . . . . Robots Built . | . . . . . . Authchips . | . . . . . . Time . | . . . . . . Total Robot Build Rating . | . . . . . . Part Schematics Acquired . | . . . . . . Parts Built . | . . . . . . Authchips . | . . . . . . Time . | . . . . . . Total Part Build Rating . | . . . . . . Parts Repaired 1 | . . . . . 1 Time 51 | . . . . . 51 Parts Recycled . | . . . . . . Recycled Matter . | . . . . . . Retrieved Matter . | . . . . . . Retrieved Components . | . . . . . . Parts Scanalyzed . | . . . . . . Part Schematics Acquired . | . . . . . . Parts Damaged . | . . . . . . Bothacking | -11 -10 -10 -9 -8 -8 ------------ Run | Yrd Mat Min Mat Mat Sto Used RIF Installer . | . . . . . . Robots Hacked . | . . . . . . Non-combat . | . . . . . . Combat . | . . . . . . Robot Hacks Applied . | . . . . . . Relay Couplers Released . | . . . . . . Fabnet Peak Effective % . | . . . . . . Robots Rewired . | . . . . . . Allies Hacked . | . . . . . . Hacks Repelled . | . . . . . . Allies | -11 -10 -10 -9 -8 -8 -------- Run | Yrd Mat Min Mat Mat Sto Total Allies . | . . . . . . Largest Group . | . . . . . . Highest-Rated Group . | . . . . . . Highest-Rated Ally . | . . . . . . Total Orders . | . . . . . . Ally Attacks . | . . . . . . Total Damage . | . . . . . . Kills . | . . . . . . Allies Corrupted . | . . . . . . Allies Melted . | . . . . . . Intel | -11 -10 -10 -9 -8 -8 ------- Run | Yrd Mat Min Mat Mat Sto Robot Analysis Total . | . . . . . . Derelict Logs Recovered 3 | . . 3 . . . Drone Launches . | . . . . . . Drone Recoveries . | . . . . . . Exploration | -11 -10 -10 -9 -8 -8 ------------- Run | Yrd Mat Min Mat Mat Sto Turns Passed 4475 | 114 779 847 895 1153 687 Spaces Moved 2125 | 64 313 404 327 457 560 Core 7 | 4 . . . . 3 Treads 783 | 60 194 . . 420 109 Legs 887 | . 119 404 327 37 . Wheels . | . . . . . . Hover . | . . . . . . Flight 448 | . . . . . 448 Fastest Speed 31 | 50 160 190 120 120 31 Average Speed 139 | 153 172 190 137 172 59 Slowest Speed 260 | 160 260 190 260 250 163 Overloaded Moves . | . . . . . . Propulsion Burnouts . | . . . . . . Robots Hopped 8 | . . . . . 8 Cave-ins Triggered . | . . . . . . Exploration Rate (%) 48 | 5 55 72 34 37 87 Regions Visited 5 Branch Regions 2 Pre-discovered Areas . | . . . . . . Known Exits Taken 4 | . 1 1 1 1 . Unknown Exits Taken 1 | 1 . . . . . Scrap Searched 1 | . . 1 . . . Spaces Dug . | . . . . . . Terrain Destroyed 25 | . 16 . . 6 3 Melee . | . . . . . . Projectile . | . . . . . . AOE 25 | . 16 . . 6 3 Terrain Rammed . | . . . . . . Walls Destroyed . | . . . . . . Machines Disabled . | . . . . . . Actions | -11 -10 -10 -9 -8 -8 --------- Run | Yrd Mat Min Mat Mat Sto Total 3131 | 80 431 454 665 702 799 Wait 542 | 1 9 29 262 109 132 Move 2104 | 63 312 403 326 456 544 Hop 8 | . . . . . 8 Pick Up 67 | 10 19 2 6 23 7 Fast Attach 8 | . . . 4 3 1 Attach 51 | 6 9 1 7 16 12 Detach 2 | . . . . . 2 Swap 14 | . 4 1 1 6 2 Drop 31 | . 1 1 . 14 15 Fire 298 | . 76 16 57 73 76 Melee . | . . . . . . Ram . | . . . . . . Kick 3 | . . 1 2 . . Crush 3 | . 1 . . 2 . Escape Stasis . | . . . . . . Rewire . | . . . . . . Trap . | . . . . . . Miscellaneous . | . . . . . . Route ------- -11/Scrapyard -10/Materials -10/Mines -9/Materials (discovered 2 exits: *Mat x2) -8/Materials -8/Storage History --------- Turn | Location | Event 20 | -11/Scrapyard | Discovered new exit (range 16) 115 | -11/Scrapyard | Entered Materials 314 | -10/Materials | Build established: Mutant 596 | -10/Materials | Lost 4 parts (1p2n1w) 624 | -10/Materials | Core integrity fell below 50% 835 | -10/Materials | Discovered new exit (range 10) 888 | -10/Materials | Identified exit to Mines 894 | -10/Materials | Entered Mines 938 | -10/Mines | Learned Materials emergency access door positions 950 | -10/Mines | Learned 2 Materials zone layouts 1718 | -10/Mines | Discovered new exit (range 10) 1735 | -10/Mines | Identified exit to Materials 1741 | -10/Mines | Entered Materials 1741 | -9/Materials | Evolved 2 slots: Propulsion x2 1742 | -9/Materials | Identified exit to Materials 1763 | -9/Materials | Build established: Scavenger-Mutant 2216 | -9/Materials | Lost 4 parts (3n1u) 2450 | -9/Materials | Discovered exit to Materials (range 16) 2636 | -9/Materials | Entered another Materials area 2636 | -8/Materials | Evolved 2 slots: Utility x2 2637 | -8/Materials | Identified exit to Storage 2907 | -8/Materials | Lost 3 parts (3w) 2974 | -8/Materials | Build established: Mutant 3004 | -8/Materials | Lost 3 parts (1u2w) 3173 | -8/Materials | Lost 4 parts (1p1n1u1w) 3789 | -8/Materials | Entered Storage 4172 | -8/Storage | Repaired Cld. Ion Engine 4249 | -8/Storage | Core integrity fell below 50% 4407 | -8/Storage | Lost 3 parts (1p1n1w) 4458 | -8/Storage | Core integrity fell below 20% 4476 | -8/Storage | Destroyed by G-47 Trooper with Particle Gun Last Messages --------------- Imp. Flight Unit destroyed. Y-45 Defender destroyed. G-47 Trooper destroyed. Acquired 10 matter. Critical hit (Burn: +37). U-05 Engineer destroyed. Slug penetrates Wall. Connecting with Terminal... >>Recall(Reinforcements) Establishing remote squad link... Recalled reinforcement squad 7XIZC5Y7KR. H-55 Commando suffers critical hit (Burn). H-55 Commando heat short circuits Gauss Rifle. Imp. Flight Unit destroyed. Lgt. Nuclear Core melted. Assault Rifle melted. Targeting Computer melted. H-55 Commando destroyed. K-01 Serf collects debris. Critical hit (Burn: +37). Map ----- +----------------------------------------------------+ | ??????????## # #??# | | ????????#####+######### #T######## # #??# | | ????????# #???# ###??????# #? #??# | | ????????# """ """ ##### #????????# #? #??# | | ????????# """ """ "" ## #????????# #??#######??# | | ????????# """ """ """##+#??####### ####T###????# | | ????????# R"## / + = #????# | | ????????# """## ##### #####????? | | ????????# ! #####[ ?????# #????????? | | ????????# #???# ] ????# #??????####+ | | ????????#####+#####???# * #???# #??????# | | ????????????# #???????# #####+###????# | | ??########### #???????# ! ## ##???# "" | | ??# # ######### [## """ "#???# "? | | ??# """ """ # #"""T"""#####/###### """ T#???# "? | | ??# """ """ # ???# """ "#???# "? | | ??# """ """ " ???# ##???# "? | | ??# # ???#[ #????# "" | | ??# ### ####### ##?????###+####????# | | ??# #?# #?????# #??????# ########### | | ??# #?# #?????# #??????# % | | ??#############/#####?# #??????# | | ??????????# #?# #??????# | | ??????????# #?# =#??##### #########+# | | ????#####?# """"#?# %#??"""########?????#T | | #???#! !#?# """"#?# k@###"Y"####?????????##[ | | ##??#! !#?# """"#?# ## #??????????#[ | | #??#! !#?# """"### ## """ #??????????#[[[ | | #??#! !#?# ## # """ #??????????#### | | #??## #### ## # """ ##########??### | | #??# T#####/####### T / # % #????# | | #####+##### ######g # """ # """ #????# | | / =%! = gg # """ # "Y" ##???# | | # =%= !%############ """ # " " ????# | | ########### #??????????# # #????# | | #?????????## ##??????????# # !==#????# | | #??????????# #???????????# # !!==#????# | | #??????????# #??############# ####! =====#????# | | ##??????????# #??# #??##??# !===!#????# | | ???????"##### #??# ############/######### | | ???????" #??# # %% | | ???????" =%! #??# + % | | ???????"#T##+###### # % =* | | ????????###[*! ## # ##########+###### | | ??????????# =% ## # #????# %! # | | ??????????# ## + #????# # | | ??????????# #########+## #????# == # | | ??????????# ## = # ## ###### = # | | ??????????# # + + "*" # | | ??????????# == ## """ # ##+###### "R" # | +----------------------------------------------------+ Best States ------------- Heat Dissipation 45 Energy Generation 23 Energy Capacity 280 Matter Stores 300 Matter Capacity 300 Sight Range 16 Terrain Scan Density 10 Armor Coverage 225 Evasion (%) 63 Target Analysis 5 Recoil Reduction 4 Offensive Hacking 10 Item Schematics ----------------- None Robot Schematics ------------------ None Fabricated ------------ Nothing Alien Tech Used ----------------- None Achievements -------------- None Challenges ------------ None Game ------ Seed WaveScatterMapper Manual? 0 Play Time 00:49:32 Cumulative 7.0 hours Start 2025.03.08 @ 14:08:33 End 2025.03.08 @ 15:15:35 Sessions 3 Manual Loads 0 Difficulty Rogue Special Mode None Game No. 9 Rogue 9 Adventurer 0 Explorer 0 Win Type - Total 0 Types 0/0/0/0/0/0/0/0/0 Lore% 5 Gallery% 12 Achievement% 11 Wizard Run 0 Options --------- Layout 1 ASCII 0 Keyboard 0 Movement Mouse Keybinds 0 Fullscreen 1 Font 32/SmallcapsGlow Map View 50x40 Zoom Use 2% Tactical HUD 0 Map Filters NONE Filters NONE Steam 1 RUN: 9b89b82e-79b5-4f65-9d3f-025494bc9df3